 Dungeon Crawl Stone Soup version 0.14.1-24-gbdbe590 (webtiles) character file.

122 Kenran the Cudgeler (level 4, -4/28 HPs)
             Began as a Gargoyle Fighter on June 19, 2014.
             Slain by a gnoll
             ... wielding a +0,+0 halberd
              (13 damage)
             ... on Level 3 of the Dungeon.
             The game lasted 00:04:33 (1774 turns).

Kenran the Cudgeler (Gargoyle Fighter)              Turns: 1774, Time: 00:04:33

HP  -4/28        AC 10     Str 20      XL: 4   Next: 30%
MP   4/4         EV  6     Int  8      God:
Gold 48          SH 18     Dex 10      Spells:  0 memorised,  3 levels left

rFire  . . .     SeeInvis .     a - +1 flail
rCold  . . .     Clarity  .     b - +0 scale mail
rNeg   + . .     Conserve .     c - +0 shield
rPois  +         rCorr    .     (no helmet)
rElec  +         rRot     +     (no cloak)
SustAb + .       Spirit   .     (no gloves)
rMut   .         Warding  .     (no boots)
Saprov . . .     Stasis   .     (no amulet)
MR     .....                    n - ring of sustain abilities {unknown}
                                j - ring of invisibility

@: not resistant to hostile enchantments, extremely unstealthy
A: life protection 1, electricity resistance, unbreathing, petrification
resistance, AC +3
a: Evoke Invisibility


You were on level 3 of the Dungeon.
You were not hungry.

You visited 1 branch of the dungeon, and saw 3 of its levels.

You collected 48 gold pieces.

Inventory:

Hand weapons
 a - a +1,+1 flail (weapon)
Armour
 b - a +0 scale mail (worn)
 c - a +0 shield (worn)
Comestibles
 d - a bread ration
 h - a meat ration
 i - a cheese
 p - 8 strawberries
 q - a choko
Scrolls
 f - 2 scrolls of remove curse
 m - a scroll of enchant weapon II
 o - a scroll of teleportation
Jewellery
 j - a ring of invisibility (left hand)
 n - a ring of sustain abilities (right hand) {unknown}
Potions
 e - a potion of might
 g - 2 potions of curing {unknown}
 k - a potion of magic {unknown}
 l - a potion of agility {unknown}


   Skills:
 - Level 3.2 Fighting
 + Level 4.9 Maces & Flails
 - Level 3.2 Armour
 - Level 3.2 Shields


You had 3 spell levels left.
You didn't know any spells.

Dungeon Overview and Level Annotations

Branches:
Dungeon (3/15)

Altars:


Innate Abilities, Weirdness & Mutations

You are resistant to torment.
You are immune to poison.
You are immune to rotting.
Your stone body is very resilient (AC +3).
You resist negative energy.
You are resistant to electric shocks.
You can survive without breathing.
You are immune to petrification.


Message History

a whip; a gnoll corpse 2 gnolls come into view.
The gnoll shouts!
A giant newt comes into view.
Things that are here:
a whip; a gnoll corpse You barely miss the giant newt.
The giant newt completely misses you. The gnoll hits you but does no damage.
You barely miss the giant newt. You block the giant newt's attack.
The gnoll hits you from afar with a spear.
You block the giant newt's attack.
You sock the giant newt!
You kill the giant newt!
The gnoll hits you from afar with a spear.
The gnoll hits you from afar with a halberd!
The gnoll hits you with a spear.
You sock the gnoll!
The gnoll is severely wounded.
The gnoll hits you from afar with a halberd!
You die...

#### #.# #..... ..... #.#
#.....# ...... #.#
#.....# ....... #.#
#.....# ....... #.#
#.....# .?..... #.#
#....)# .
........###.####.....##.#
.........gg>........###.#
.##########@#####.......#
#.# #.......# #.#
#.......# #.# #.......#
#.# #.......# #+#
#.......# ###'###.# #.#
#.# #.# #.#


You could see 2 gnolls.

Vanquished Creatures
  2 adders (D:2)
  2 gnolls
  An orc (D:2)
  4 ball pythons
  5 goblins (D:1)
  3 hobgoblins (D:1)
  3 bats
  2 giant cockroaches (D:1)
  2 giant geckos (D:1)
  3 giant newts
  5 kobolds
  5 rats (D:1)
37 creatures vanquished.

Notes
Turn   | Place    | Note
--------------------------------------------------------------
     0 | D:1      | Kenran, the Gargoyle Fighter, began the quest for the Orb.
     0 | D:1      | Reached XP level 1. HP: 14/14 MP: 1/1
    41 | D:1      | Reached XP level 2. HP: 12/19 MP: 2/2
   406 | D:1      | Reached XP level 3. HP: 12/23 MP: 3/3
   563 | D:1      | Reached skill level 4 in Maces & Flails
  1119 | D:2      | Reached XP level 4. HP: 26/28 MP: 4/4
  1774 | D:3      | Slain by a gnoll

Action                   |  1- 3 |  4- 6 || total
-------------------------+-------+-------++-------
Melee: Flail             |   131 |    25 ||   156
  Use: Scroll            |     4 |     3 ||     7
